 Dungeon Crawl Stone Soup version 0.26.1-11-gd32895ea62 (webtiles) character file.

Game seed: 12187280482389101624

109 MisterFreud the Skirmisher (level 4, 0/44 HPs)
             Began as a Minotaur Abyssal Knight on June 16, 2021.
             Was a Believer of Lugonu.
             Slain by a gnoll (2 damage)
             ... on level 2 of the Dungeon.
             The game lasted 00:01:53 (1736 turns).

MisterFreud the Skirmisher (MiAK)                   Turns: 1736, Time: 00:01:53

Health: 0/44       AC:  3    Str: 17    XL:     4   Next: 59%
Magic:  13/13      EV: 11    Int:  9    God:    Lugonu [**....]
Gold:   115        SH:  0    Dex: 10    Spells: 3/3 levels left

rFire    . . .     SeeInvis .   a - +1 falchion
rCold    . . .     Faith    .   (no shield)
rNeg     . . .     Spirit   .   b - +0 leather armour
rPois    .         Reflect  .   (helmet restricted)
rElec    .         Harm     .   (no cloak)
rCorr    .         Rampage  .   (no gloves)
Will     .....                  (no boots)
Stlth    +.........             (no amulet)
HPRegen  0.14/turn              d - ring of magical power
MPRegen  0.13/turn              (no ring)

@: no status effects
A: retaliatory headbutt, horns 2
a: Renounce Religion, Depart the Abyss, Bend Space


You were on level 2 of the Dungeon.
You worshipped Lugonu.
Lugonu was pleased with you.
You visited 1 branch of the dungeon, and saw 2 of its levels.
You visited the Abyss 1 time.

You collected 115 gold pieces.

Inventory:

Hand Weapons
 a - a +1 falchion (weapon)
Missiles
 h - 5 boomerangs of dispersal
Armour
 b - a +0 leather armour (worn)
Jewellery
 d - a ring of magical power (left hand)
Scrolls
 c - a scroll of fear {unknown}
 e - a scroll of enchant weapon {unknown}
 f - a scroll of teleportation {unknown}
 i - a scroll of blinking {unknown}
 k - a scroll of magic mapping {unknown}
Potions
 g - a potion of haste {unknown}
 j - a potion of heal wounds {unknown}
 l - 2 potions of flight {unknown}


   Skills:
 - Level 6.0 Fighting
 + Level 3.5 Long Blades
 - Level 2.4 Armour
 - Level 1.1 Dodging
 - Level 1.7 Invocations


You had 3 spell levels left.
You didn't know any spells.
Your spell library was empty.

Dungeon Overview and Level Annotations

Branches:
Dungeon (2/15)

Altars:
Ru


Innate Abilities, Weirdness & Mutations

You reflexively headbutt those who attack you in melee.
You have a pair of horns on your head.


Message History

A goblin comes into view. It is wielding a +0 mace.
The goblin shouts!
The goblin throws a stone.
The stone closely misses you.
You see here a stone.
The goblin throws a stone.
The stone barely misses you.
The kobold throws a stone.
The stone hits you.
* * * LOW HITPOINT WARNING * * *
You see here 2 stones.
The goblin throws a stone.
The stone closely misses you.
There is an open door here.
The goblin throws a stone.
The stone barely misses you.
A leopard gecko comes into view.
You see here 21 stones.
The goblin throws a stone.
The stone hits you but does no damage.
You see here a stone.
The kobold zaps a wand.
Some rock shatters into small pieces.
The goblin throws a stone.
The stone barely misses you.
You see here a stone.
The gnoll hits you.
You die...

#......#...#...#...#.........#...
#...#..#.......#...######..).#...
#...#.(###._.###.#......####)#.##
#.....(#.......#.............)...
#....#(#.(.#...#.....###........#
#.....(#...#...#.##...###.......#
.......'..K....'.###............#
#.......(r(r..gg.#...###..(.....#
........gK...###@..#.###.##.#####
.#......(...l..<....<........^..
#>..............####.##....####
#..........#(.######.##....#
#........(.(#......#.##....#
#.........#(######....#....##
#..........)# ##...####.#>.
#.........#...# #...# ###..
#.........#...... #...# ##8.


You could see 2 gnolls, a leopard gecko, a kobold and 2 rats.

Vanquished Creatures
  A gnoll (D:2)
  4 adders (D:2)
  An ooze (D:2)
  A dart slug (D:1)
  4 giant cockroaches
  9 goblins
  7 hobgoblins
  A jackal (D:2)
  7 kobolds
  A quokka (D:2)
  9 bats
  5 frilled lizards
  8 rats
58 creatures vanquished.

Notes
Turn   | Place    | Note
-------+----------+-------------------------------------------
     0 | Abyss:1  | MisterFreud the Minotaur Abyssal Knight began the quest for
                  | the Orb.
     0 | Abyss:1  | Reached XP level 1. HP: 19/19 MP: 1/1
    15 | D:1      | Escaped the Abyss
   196 | D:1      | Reached skill level 4 in Fighting
   225 | D:1      | Reached XP level 2. HP: 26/28 MP: 2/2
   311 | D:1      | Reached ** piety under Lugonu
   618 | D:1      | Reached skill level 5 in Fighting
   789 | D:2      | Reached XP level 3. HP: 34/36 MP: 3/3
  1210 | D:2      | Reached skill level 6 in Fighting
  1210 | D:2      | Reached XP level 4. HP: 20/44 MP: 4/4
  1670 | D:2      | Found a sacrificial altar of Ru.
  1726 | D:2      | HP: 1/44 [kobold/stone (3)]
  1736 | D:2      | Slain by a gnoll

Illustrated notes

Levels and vault maps discovered:
D:1:      minmay_arrival_four_houses, layout_rooms
D:2:      minmay_angry_zag, layout_rooms, nicolae_overflow_hidden_temple,
          nicolae_ru_great_annihilating_truth, uniq_robin

Skill      XL: |  1  2  3  4 |
---------------+-------------+-----
Fighting       | 4 5 6 |  6.0
Long Blades    | 3 |  3.5
Armour         | |  2.4
Dodging        | |  1.1
Invocations    | |  1.7

Action                   |  1- 3 |  4- 6 || total
-------------------------+-------+-------++-------
Melee: Falchion          |    88 |    33 ||   121
       Headbutt          |     7 |     4 ||    11
 Stab: Invisible         |     1 |       ||     1
       Paralysed         |       |     3 ||     3
Armor: Leather armour    |    23 |     7 ||    30
Dodge: Dodged            |    69 |    40 ||   109
       Rpst.: Falchion   |    18 |     9 ||    27
